 Dungeon Crawl Stone Soup version 0.28-a0-1594-ga885d4b3d6 (webtiles) character file.

Game seed: 18291469841486003466

316 lunkers the Chopper (level 6, -1/50 HPs)
             Began as a Palentonga Fighter on Jan 20, 2022.
             Slain by an iguana (6 damage)
             ... on level 4 of the Dungeon.
             The game lasted 00:05:05 (3460 turns).

lunkers the Chopper (Palentonga Fighter)            Turns: 3460, Time: 00:05:06

Health: -1/50      AC:  6    Str: 21    XL:     6   Next: 20%
Magic:  6/6        EV:  7    Int:  9    God:
Gold:   248        SH:  4    Dex:  9    Spells: 5/5 levels left

rFire   . . .      SeeInvis +   a - +0 war axe
rCold   . . .      Faith    .   c - +0 buckler
rNeg    . . .      Spirit   .   j - +0 scale mail
rPois   .          Reflect  .   (no helmet)
rElec   .          Harm     .   (no cloak)
rCorr   .          Rampage  .   (no gloves)
Will    .....                   (no barding)
Stlth   ..........              m - amulet of the acrobat
HPRegen 0.16/turn               (no ring)
MPRegen 0.10/turn               (no ring)

@: no status effects
A: large, rugged brown scales 3, see invisible, deformed body, roll 1, armoured
tail
a: Rolling Charge


You were on level 4 of the Dungeon.
You visited 1 branch of the dungeon, and saw 4 of its levels.

You collected 248 gold pieces.

Inventory:

Hand Weapons
 a - a +0 war axe (weapon)
Armour
 b - a +0 scale mail
 c - a +0 buckler (worn)
 j - a +0 scale mail (worn)
Jewellery
 m - an amulet of the acrobat (around neck)
Wands
 l - a wand of polymorph (4)
Scrolls
 f - a scroll of acquirement {unknown}
 g - a scroll of summoning {unknown}
 h - 3 scrolls of identify {unknown}
 n - a scroll of fog {unknown}
 o - a scroll of immolation {unknown}
Potions
 d - a potion of might
 e - a potion of invisibility {unknown}
 i - a potion of lignification {unknown}
 k - a potion of brilliance {unknown}
 p - a potion of heal wounds {unknown}


   Skills:
 - Level 3.0 Fighting
 * Level 6.6 Axes
 - Level 2.4 Armour
 - Level 2.4 Shields


You had 5 spell levels left.
You didn't know any spells.
Your spell library was empty.

Dungeon Overview and Level Annotations

Branches:
Dungeon (4/15)
 Temple: D:4-7

Altars:


Innate Abilities, Weirdness & Mutations

You are completely covered in rugged brown scales. (AC +3, +7% HP)
You have supernaturally acute eyesight. (SInv)
Armour fits poorly on your strangely shaped body.
You can roll at nearby foes to attack.
You have a long armoured tail.


Message History

You hit the iguana but do no damage.
The iguana is severely wounded.
The iguana bites you!
* * * LOW HITPOINT WARNING * * *
A goblin comes into view. It is wielding a +0 dagger.
You barely miss the iguana.
The iguana is severely wounded.
The goblin shouts!
The iguana bites you!
* * * LOW HITPOINT WARNING * * *
You block the iguana's attack.
You closely miss the iguana.
The iguana is severely wounded.
You block the iguana's attack.
You barely miss the iguana.
The iguana is severely wounded.
The iguana bites you but does no damage.
You barely miss the iguana.
Your tail-slap misses the iguana.
The iguana is severely wounded.
A kobold comes into view. It is wielding a +0 dagger.
The iguana barely misses you.
You barely miss the iguana.
The iguana is severely wounded.
The iguana bites you.
* * * LOW HITPOINT WARNING * * *
You closely miss the iguana. You tail-slap the iguana.
The iguana is almost dead.
You block the iguana's attack. The iguana barely misses you.
You hit the iguana.
You tail-slap the iguana, but do no damage.
The iguana is almost dead.
You slash the goblin!
You kill the goblin!
The kobold throws a stone.
The stone barely misses you. The iguana bites you!
* * * LOW HITPOINT WARNING * * *
You barely miss the iguana.
Your tail-slap misses the iguana.
The iguana is almost dead.
The kobold throws a stone.
The stone hits you but does no damage. The iguana bites you.
You die...

. # $# # .##..#
#.#####..K...
#.#...l.....# #
#....@)..# #.
###.###..#
#.####.....# .#
#..........# #
###......(...##.
.................
###.(...#####....>
#.....# #.+...#.
#....(# #.#...#


You could see an iguana and a kobold.

Vanquished Creatures
  A bullfrog zombie (D:3)
  2 orc priests (D:3)
  A gnoll shaman (D:3)
  Jessica (D:2)
  An orc wizard (D:3)
  5 gnolls
  2 adders
  An adder skeleton (D:4)
  A dart slug (D:2)
  8 orcs (D:3)
  8 ball pythons
  5 bats (D:1)
  8 endoplasms
  3 giant cockroaches
  4 hobgoblins
  A quokka (D:3)
  6 frilled lizards
  5 goblins
  3 kobolds
  5 rats
71 creatures vanquished.

Vanquished Creatures (others)
  6 fungi (D:3)
  4 toadstools (D:3)
10 creatures vanquished.

Grand Total: 81 creatures vanquished

Notes
Turn   | Place    | Note
-------+----------+-------------------------------------------
     0 | D:1      | lunkers the Palentonga Fighter began the quest for the Orb.
     0 | D:1      | Reached XP level 1. HP: 19/19 MP: 1/1
   103 | D:1      | Reached XP level 2. HP: 24/25 MP: 2/2
   122 | D:1      | Reached skill level 3 in Axes
   460 | D:1      | Found a faded altar of an unknown god.
  1167 | D:2      | Reached XP level 3. HP: 17/31 MP: 3/3
  1195 | D:2      | Noticed Jessica
  1405 | D:2      | Killed Jessica
  1406 | D:2      | Reached skill level 4 in Axes
  1458 | D:2      | Reached XP level 4. HP: 33/37 MP: 4/4
  1867 | D:3      | Reached skill level 5 in Axes
  1925 | D:3      | Reached XP level 5. HP: 32/43 MP: 5/5
  2370 | D:3      | Reached skill level 6 in Axes
  3116 | D:3      | HP: 1/43 [gnoll shaman (7)]
  3118 | D:3      | Reached XP level 6. HP: 1/50 MP: 6/6
  3460 | D:4      | Slain by an iguana

Illustrated notes

Levels and vault maps discovered:
D:1:      minmay_arrival_plants_in_alcoves, layout_basic,
          hellmonk_ecumenical_altar_run_dry, minmay_misc_feat_plants,
          minmay_misc_feat_enclosed, minmay_indecisive_spiral
D:2:      kb_forest_paths, layout_rooms, uniq_jessica
D:3:      layout_loops_ring, grunt_decor_one_mirror, st_stairs_12,
          minmay_gold_behind_fungi
D:4:      layout_basic, minmay_temple_entry_trees, minmay_distorted,
          uniq_menkaure

Skill      XL: |  1  2  3  4  5 |
---------------+----------------+-----
Axes           | 3 4 5 6 |  6.6
Fighting       | |  3.0
Armour         | |  2.4
Shields        | |  2.4

Action                   |  1- 3 |  4- 6 || total
-------------------------+-------+-------++-------
Melee: War axe           |    88 |   130 ||   218
       Tailslap          |     5 |    19 ||    24
 Abil: Rolling Charge    |    20 |    18 ||    38
Armor: Scale mail        |    62 |    53 ||   115
Dodge: Dodged            |    35 |    47 ||    82
Block: Buckler           |    20 |    24 ||    44

Table legend: (Time is in decaauts)
 A = Elapsed time spent in this place.
 B = Non-inter-level travel time spent in this place.
 C = Inter-level travel time spent in this place.
 D = Time resting spent in this place.
 E = Time spent auto-exploring this place.
 F = Levels seen in this place.
 G = Mean time per level.
                   A        B        C        D        E       F      G
               +--------+--------+--------+--------+--------+-----+--------+
         Total |   3528 |   3472 |     56 |    622 |   2372 |   4 |  882.0 |
       Dungeon |   3528 |   3472 |     56 |    622 |   2372 |   4 |  882.0 |
               +--------+--------+--------+--------+--------+-----+--------+

Top non-repeatable levels by time:
     D:3: 1545 daAuts
     D:1: 947 daAuts
     D:2: 931 daAuts
     D:4: 104 daAuts
